[Event "Stare Mesto Open-A 2022"]
[Site "Stare Mesto"]
[Date "2022.08.17"]
[Round "6.4"]
[White "Murko, David"]
[Black "Mojzis, Jaroslav"]
[Result "1-0"]
[ECO "C95"]
[WhiteElo "2213"]
[BlackElo "2108"]
[Annotator "TA"]
[PlyCount "132"]
[EventDate "2022.08.12"]
[EventType "swiss"]
[EventCountry "CZE"]
[SourceTitle "playchess.com"]
[Source "ChessBase"]
[SourceQuality "1"]
[TimeControl "40/5400+30:1800+30"]

1. e4 e5 2. Nf3 Nc6 3. Bb5 a6 4. Ba4 Nf6 5. O-O Be7 6. Re1 b5 7. Bb3 d6 8. c3 O-O 9. h3 Nb8 10. d4 Nbd7 11. c4 Bb7 12. Nc3 {[%emt 0:02:53] C95: Closed Ruy Lopez: Breyer Variation with 10 d4.} bxc4 13. Bxc4 h6 {[%emt 0:01:34] [#]} 14. Qc2 $146 {[%emt 0:13:57] White is better.} ({Predecessor:} 14. dxe5 Nxe5 15. Nxe5 dxe5 16. Qe2 Bb4 17. f3 Nh5 18. Rd1 Qh4 19. Be3 Nf4 20. Qf2 {1-0 (44) Baskin,R (2385)-Kraemer,E (2218) Playchess.com INT 2020}) 14... Rb8 15. Be3 Nh7 16. dxe5 Nxe5 17. Nxe5 dxe5 18. Rad1 Qc8 19. Nd5 Bd6 20. a3 Re8 21. b4 Nf8 22. Qe2 Re6 23. h4 {[%emt 0:15:54] 0x0.0019ee2d3fe3dp-1022s more active pieces.} Nd7 24. Rc1 {[%emt 0:05:03][%cal Od5c7] And now Nxc7! would win.} Nf6 25. Nc3 Re8 26. f3 {[%emt 0:01:19] Prevents Qg4.} Nh5 27. Qa2 Qd7 28. Ne2 Qe7 29. g3 Rf8 30. g4 (30. Kg2 {feels hotter.} Qf6 31. Bd5 Bc8 32. Ba7) 30... Nf4 31. Nxf4 exf4 32. Bf2 Qf6 33. Red1 Be5 34. Rd2 ({Better is} 34. Qe2 $16) 34... Rbd8 (34... Bxe4 $11 35. fxe4 f3) 35. Rcd1 $14 Rd6 36. Rxd6 Bxd6 37. Qe2 Ra8 38. Qd2 Re8 39. Qd3 Ra8 40. Qd2 (40. Bd5 $16 Bxd5 41. Qxd5) 40... g6 (40... Re8 $1 $11 {remains equal.}) 41. Be1 Rd8 42. Qe2 Be5 43. Rxd8+ Qxd8 44. Qd3 ({Much worse is} 44. Bxa6 Bxa6 45. Qxa6 Qd1 $11) 44... Qxd3 45. Bxd3 {[%emt 0:00:03][%mdl 4096] Endgame KBB-KBB} Kf8 46. Kf2 Ke7 47. Ke2 h5 48. gxh5 gxh5 49. b5 (49. Bc4 $14) 49... axb5 $11 50. Bxb5 c6 51. Bc4 {[%emt 0:00:25] Threatens to win with a4.} Bc8 $1 52. a4 f5 $2 (52... Be6 $11 53. Kd3 Kd7) 53. exf5 $1 $18 Bxf5 54. Bd3 (54. a5 $1 $18) 54... Be6 {[%emt 0:01:48] [#]} 55. Bg6 (55. a5 $142 $1 ) 55... Bb3 {[%emt 0:04:47] [#]} (55... c5 $16) 56. a5 $1 Bc4+ 57. Kd2 $2 (57. Bd3 $18 {is the precise move to win.} Bxd3+ 58. Kxd3) 57... Bd4 58. Bxh5 {[%emt 0:00:45] Strongly threatening Bg6.} Kd6 $2 (58... Kf6 $16 59. Bg4 Ba6) 59. Bg6 c5 (59... Kd7 $142 60. h5 Bg7) 60. h5 Bg7 61. Bd3 Bf7 62. Be4 {[%emt 0:00:48] aiming for a6.} Kc7 63. Bf2 Be8 (63... Bf8 $142 64. Bh4 Kb8) 64. Bxc5 Bc6 65. Bxc6 Kxc6 {[%emt 0:00:05] [#]} 66. a6 $1 Kd5 {Weighted Error Value: White=0.15 (very precise) /Black=0.38} (66... Bh6 67. Kd3) 1-0

[Event "Stare Mesto Open-A 2022"]
[Site "Stare Mesto"]
[Date "2022.08.17"]
[Round "6.5"]
[White "Skalsky, Alexandr"]
[Black "Kostka, Vit"]
[Result "0-1"]
[ECO "B40"]
[WhiteElo "2187"]
[BlackElo "2168"]
[Annotator "NA RC"]
[PlyCount "72"]
[EventDate "2022.08.12"]
[EventType "swiss"]
[EventCountry "CZE"]
[SourceTitle "playchess.com"]
[Source "ChessBase"]
[SourceQuality "1"]
[TimeControl "40/5400+30:1800+30"]

1. e4 c5 2. Nf3 e6 3. d4 cxd4 4. Nxd4 Nf6 5. Nc3 Nc6 6. a3 d6 7. Be3 Be7 8. f4 Qc7 9. Qf3 O-O 10. Nb3 a6 11. g4 Na5 12. Nxa5 Qxa5 13. Bd3 b5 14. e5 Nd5 15. Bd2 Qc7 16. Nxd5 exd5 17. O-O-O dxe5 18. fxe5 Rb8 19. Rhf1 b4 20. Qh3 g6 21. axb4 Bxb4 22. Rde1 Bxd2+ 23. Kxd2 Qa5+ 24. Kc1 Qb4 25. b3 Qc3 26. Kd1 Rb4 27. e6 Bxe6 28. Rxe6 fxe6 29. Rxf8+ Kxf8 30. g5 Qa1+ 31. Kd2 Qe5 32. Qxh7 Qxg5+ 33. Kc3 Rh4 34. Qc7 Qf6+ 35. Kd2 Qf2+ 36. Kd1 Qg1+ 0-1

[Event "Stare Mesto Open-A 2022"]
[Site "Stare Mesto"]
[Date "2022.08.17"]
[Round "6.6"]
[White "Babula, Matej"]
[Black "Zpevak, Pavel"]
[Result "1/2-1/2"]
[ECO "B13"]
[WhiteElo "1748"]
[BlackElo "2351"]
[Annotator "TA"]
[PlyCount "42"]
[EventDate "2022.08.12"]
[EventType "swiss"]
[EventCountry "CZE"]
[SourceTitle "playchess.com"]
[Source "ChessBase"]
[SourceQuality "1"]
[TimeControl "40/5400+30:1800+30"]

1. e4 c6 2. d4 d5 3. exd5 cxd5 4. Bd3 Nc6 5. c3 Qc7 6. h3 e6 {[%emt 0:04:38] B13: Caro-Kann: Exchange Variation and Panov-Botvinnik Attack.} 7. Nf3 Bd6 8. O-O Nge7 {[%emt 0:01:04] White has an edge.} 9. Re1 {[%emt 0:04:49] [#]} Bf4 $146 ({Predecessor:} 9... Bd7 10. Nbd2 f6 11. c4 O-O 12. a3 a5 13. Nb1 dxc4 14. Bxc4 Nd5 15. Nc3 Nce7 {½-½ (92) Abdusattorov,N (2651)-Izoria,Z (2602) Chess.com INT 2022}) 10. Bxf4 Qxf4 11. Ne5 Nxe5 12. Rxe5 Bd7 13. Nd2 O-O 14. Nf3 {[%emt 0:05:46][%cal Od3h7] aiming for Bxh7+!} g6 15. Re3 Nc6 16. Qe2 Rae8 17. Ne5 Nxe5 18. dxe5 Bc6 19. Rd1 Rd8 20. Bb5 d4 21. cxd4 Rxd4 {[%emt 0:01:49] Weighted Error Value: White=0.07 (flawless) /Black=0.06 (flawless)} 1/2-1/2

[Event "Stare Mesto Open-A 2022"]
[Site "Stare Mesto"]
[Date "2022.08.17"]
[Round "6.8"]
[White "Horvath, Tomas"]
[Black "Setina, Vaclav"]
[Result "1/2-1/2"]
[ECO "B21"]
[WhiteElo "2094"]
[BlackElo "1760"]
[Annotator "NA RC"]
[PlyCount "79"]
[EventDate "2022.08.12"]
[EventType "swiss"]
[EventCountry "CZE"]
[SourceTitle "playchess.com"]
[Source "ChessBase"]
[SourceQuality "1"]
[TimeControl "40/5400+30:1800+30"]

1. e4 c5 2. d4 cxd4 3. c3 d3 4. Bxd3 Nc6 5. c4 d6 6. Nc3 g6 7. h3 Bg7 8. Nf3 Nf6 9. O-O O-O 10. Be3 b6 11. Rc1 Bb7 12. Qd2 Nd7 13. Rfd1 Nde5 14. Be2 Nxf3+ 15. Bxf3 Ne5 16. Be2 Rc8 17. b3 Bc6 18. f4 Nd7 19. f5 Nc5 20. Bd4 Qc7 21. b4 Nd7 22. Nd5 Bxd5 23. exd5 Bxd4+ 24. Qxd4 Ne5 25. Rf1 Qd7 26. c5 Qa4 27. c6 Qxa2 28. Bb5 e6 29. dxe6 fxe6 30. Qxd6 Nf7 31. Qxe6 Qxe6 32. fxe6 Nd6 33. Be2 Rxf1+ 34. Kxf1 b5 35. Bf3 Kf8 36. Bd5 Ke7 37. Ke2 Nf5 38. Kd3 Kd6 39. Rc5 a6 40. Be4 1/2-1/2

[Event "Stare Mesto Open-A 2022"]
[Site "Stare Mesto"]
[Date "2022.08.18"]
[Round "7.1"]
[White "Haba, Petr"]
[Black "Cerveny, Martin"]
[Result "1/2-1/2"]
[ECO "B66"]
[WhiteElo "2453"]
[BlackElo "2396"]
[Annotator "TA"]
[PlyCount "37"]
[EventDate "2022.08.12"]
[EventType "swiss"]
[EventCountry "CZE"]
[SourceTitle "playchess.com"]
[Source "ChessBase"]
[SourceQuality "1"]
[TimeControl "40/5400+30:1800+30"]

1. e4 c5 2. Nf3 d6 3. d4 cxd4 4. Nxd4 Nf6 5. Nc3 Nc6 6. Bg5 e6 7. Qd2 a6 8. Nxc6 {[%emt 0:00:34] B66: Sicilian: Richter-Rauzer: 7...a6 8 0-0-0 h6.} bxc6 9. O-O-O {[%emt 0:00:08][%cal Oe4e5] Strongly threatening e5!} Be7 10. Bxf6 {[%emt 0:00:18] White has an edge.} gxf6 11. Bc4 h5 12. Rhe1 a5 {[%emt 0:04:09] [#]} 13. Re3 $146 {[%emt 0:11:44] White is much more active. The black rooks are badly placed.} ({Predecessor:} 13. Bb3 Bd7 14. f4 Qc7 15. Qe2 Bf8 16. Kb1 Rb8 17. f5 e5 18. Qc4 Rh7 19. Rd3 {0-1 (42) Androutsopoulos Agiotatos,V (2096)-Nevednichy,V (2550) Kavala 2018}) 13... a4 14. a3 Qa5 (14... Kf8 $11) 15. Qe2 (15. f4 $16) 15... f5 16. f4 (16. Qf3 $11) 16... Bd7 (16... fxe4 $15 17. Rxe4 Qc7) 17. Bd3 {[%emt 0:03:40] Black must now prevent exf5.} fxe4 18. Rxe4 Qc7 19. Rxa4 {[%emt 0:08:01] Weighted Error Value: White=0.31/Black=0.32} 1/2-1/2

[Event "Stare Mesto Open-A 2022"]
[Site "Stare Mesto"]
[Date "2022.08.18"]
[Round "7.2"]
[White "Kostka, Vit"]
[Black "Neuman, Petr"]
[Result "1/2-1/2"]
[ECO "B07"]
[WhiteElo "2168"]
[BlackElo "2378"]
[Annotator "TA"]
[PlyCount "38"]
[EventDate "2022.08.12"]
[EventType "swiss"]
[EventCountry "CZE"]
[SourceTitle "playchess.com"]
[Source "ChessBase"]
[SourceQuality "1"]
[TimeControl "40/5400+30:1800+30"]

1. e4 d6 2. d4 Nf6 3. Nc3 e5 4. dxe5 dxe5 5. Qxd8+ Kxd8 6. Bc4 Be6 7. Bxe6 fxe6 8. f3 Bd6 9. Be3 {[%emt 0:01:22] B07: Pirc Defence: Miscellaneous Systems.} a6 10. Nb1 Ke7 11. Nd2 {[%emt 0:00:41] [#] White is slightly better.} h6 $146 ({Predecessor:} 11... Nc6 12. c3 h6 13. Nh3 Rhd8 14. Nf2 Kf7 15. Ke2 Be7 16. Nd3 Nd7 17. a4 a5 {1-0 (69) Stevic,H (2571)-Runic,Z (2452) Neum 2008}) 12. Nh3 b5 13. a4 {[%emt 0:11:36] [#] And now axb5 would win.} Nbd7 14. Nf2 Bc5 15. Ke2 Bxe3 {[%emt 0:00:49] White is better.} 16. Kxe3 Nc5 (16... Nb6 $142) 17. axb5 $16 axb5 18. b4 Na4 19. Nd3 {[%emt 0:01:06] Prevents c5.} Nd7 {[%emt 0:01:14] Weighted Error Value: White=0.01 (flawless) /Black=0.10 (very precise)} 1/2-1/2

[Event "Stare Mesto Open-A 2022"]
[Site "Stare Mesto"]
[Date "2022.08.18"]
[Round "7.3"]
[White "Sramek, Vojtech"]
[Black "Murko, David"]
[Result "1-0"]
[ECO "B56"]
[WhiteElo "2249"]
[BlackElo "2213"]
[Annotator "NA RC"]
[PlyCount "55"]
[EventDate "2022.08.12"]
[EventType "swiss"]
[EventCountry "CZE"]
[SourceTitle "playchess.com"]
[Source "ChessBase"]
[SourceQuality "1"]
[TimeControl "40/5400+30:1800+30"]

1. e4 c5 2. Nf3 d6 3. d4 cxd4 4. Nxd4 Nf6 5. Nc3 Nc6 6. f3 e5 7. Nb3 Be6 8. Be3 Be7 9. Nd5 O-O 10. Qd2 a5 11. c4 a4 12. Nc1 b5 13. cxb5 Bxd5 14. exd5 Nd4 15. Bc4 Qc7 16. b3 axb3 17. Bxb3 Nxb5 18. Ne2 Bd8 19. O-O Qb7 20. Rab1 Ba5 21. Qd3 Nc7 22. Bc4 Qc8 23. Ng3 Rb8 24. Rxb8 Qxb8 25. Rb1 Qa8 26. Nf5 Ncxd5 27. Bxd5 Nxd5 28. Qxd5 1-0

[Event "Stare Mesto Open-A 2022"]
[Site "Stare Mesto"]
[Date "2022.08.18"]
[Round "7.4"]
[White "Zpevak, Pavel"]
[Black "Babula, Vlastimil"]
[Result "1/2-1/2"]
[ECO "A48"]
[WhiteElo "2351"]
[BlackElo "2571"]
[Annotator "TA"]
[PlyCount "122"]
[EventDate "2022.08.12"]
[EventType "swiss"]
[EventCountry "CZE"]
[SourceTitle "playchess.com"]
[Source "ChessBase"]
[SourceQuality "1"]
[TimeControl "40/5400+30:1800+30"]

1. d4 Nf6 2. Nf3 g6 3. Bf4 Bg7 4. e3 O-O 5. Be2 d6 6. h3 Nbd7 7. O-O Qe8 8. c4 e5 9. Bh2 e4 10. Nfd2 Qe7 11. Nc3 c6 {[%emt 0:01:17] A48: 1 d4 Nf6 2 Nf3 g6: Torre, London and Colle Systems.} 12. b4 b6 {[%emt 0:18:45] Against c5} (12... Rd8 $16) 13. Qc2 (13. b5 $18) 13... Re8 $16 {[%emt 0:00:24] [#] White is better.} 14. Rfb1 $146 {[%emt 0:02:37] White is more active.} ({Predecessor:} 14. a4 a5 15. bxa5 bxa5 16. Rab1 g5 17. Rfc1 Bf8 18. Nb3 Qd8 19. Nd2 Qe7 20. d5 cxd5 {1-0 (55) Hamitevici,V (2284)-Osman,M (2161) Bucharest 2006}) 14... h5 15. a4 a5 16. bxa5 bxa5 17. Ra2 Ba6 18. Rab2 c5 19. dxc5 dxc5 (19... Nxc5 $16 {was necessary.} 20. Rb6 Red8) 20. Nb5 (20. Rd1 $18) 20... Ne5 $1 $14 21. Rb3 Rad8 22. Bg3 Bc8 23. Rd1 (23. Nxe4 Nxe4 24. Qxe4 Rd2 $17) 23... Bf5 $1 24. Bh4 (24. Qc3 $14 {was preferrable.}) 24... Nd3 25. Bxd3 exd3 26. Qb1 Qd7 27. Kh2 Ra8 28. Nc3 Nh7 (28... Bg4 $2 29. hxg4 Nxg4+ 30. Kg1 $18) ({Black should play} 28... Ne4 $11 29. Ncxe4 Bxe4) 29. Bg3 (29. Nd5 $1 $14) 29... Bxc3 $11 30. Rxc3 Qxa4 31. Qa1 Qd7 ({Black should try} 31... Qxa1 32. Rxa1 a4) 32. Rb1 (32. Nf1 $11) 32... Qe7 {[%emt 0:01:01] aiming for ...h4.} 33. Kg1 (33. h4 $1 $11 {remains equal.}) 33... h4 (33... Ng5 $17 34. Rf1 Ne4 35. Nxe4 Qxe4) 34. Bh2 (34. Bf4 $11) 34... Ng5 $17 35. Rb5 (35. Re1 $17) 35... Ne4 $19 36. Nxe4 Bxe4 37. Bf4 {[%emt 0:01:20] Prevents Qg5.} (37. Rb2) 37... Bc6 $2 (37... g5 $19 38. Bh2 d2) 38. Rb2 $2 (38. Rb6 $17 {was worth a try.} Be4 39. Rc1) 38... g5 39. Bh2 Qe4 40. Qf1 Red8 {[%emt 0:01:08] Strongly threatening ...d2.} 41. Rd2 a4 {[%emt 0:31:52][%cal Ba5a4,Ba4a3,Ba3a2][%mdl 32] ...a3 is the strong threat.} 42. Rcxd3 Rxd3 43. Rxd3 a3 {[%emt 0:00:30] White must now prevent ...a2.} 44. f3 Qf5 45. Rd1 a2 46. Ra1 Qc2 47. Be5 f6 (47... Re8 $1 $19 48. Bf6 Rxe3) 48. Bxf6 $17 Rb8 49. Rc1 {[%emt 0:00:00] [#]} Qxc1 50. Qxc1 $11 Rb1 51. Qf1 Kf7 52. Bc3 Ba4 $36 {[%emt 0:00:00][%mdl 2048] Black has some pressure.} 53. Kf2 Rxf1+ 54. Kxf1 {[%emt 0:00:00][%mdl 4096] Endgame KB-KB} Bb3 55. g3 Bxc4+ 56. Kf2 Be6 57. Kg2 (57. f4 $1 $11 {was the only way to keep the balance.}) 57... Bc8 58. e4 {[%emt 0:00:00] [#]} Ke7 (58... Bb7 $1 $17) 59. f4 {[%emt 0:00:00] The position is equal.} gxf4 60. gxh4 Kf7 61. h5 Kg8 {[%emt 0:00:07] White happily takes the draw.  Weighted Error Value: White=0.36/Black=0.29 (precise)} 1/2-1/2

[Event "Stare Mesto Open-A 2022"]
[Site "Stare Mesto"]
[Date "2022.08.18"]
[Round "7.5"]
[White "Prazak, Daniel"]
[Black "Szotkowski, Jakub"]
[Result "0-1"]
[ECO "B12"]
[WhiteElo "2113"]
[BlackElo "2344"]
[Annotator "TA"]
[PlyCount "90"]
[EventDate "2022.08.12"]
[EventType "swiss"]
[EventCountry "CZE"]
[SourceTitle "playchess.com"]
[Source "ChessBase"]
[SourceQuality "1"]
[TimeControl "40/5400+30:1800+30"]

1. e4 c6 2. d4 d5 3. e5 Bf5 4. Nf3 e6 5. Be2 Nd7 6. O-O Ne7 7. Nh4 Bg6 8. Nd2 c5 9. c3 cxd4 10. cxd4 Rc8 {[%emt 0:06:17] [#] Strongly threatening ...Bc2. B12: Caro-Kann: Advance Variation.} 11. Nxg6 hxg6 12. Nf3 Nc6 {[%emt 0:05:19] White is better.} 13. a3 Be7 {[%emt 0:03:47] [#]} 14. g3 $146 ({Predecessor:} 14. Be3 O-O 15. b4 a6 16. Nd2 b5 17. Nb3 Nb6 18. Nc5 Bxc5 19. dxc5 Nc4 20. Bxc4 dxc4 {0-1 (36) Bartoszczuk,A (1380)-Maslanka,W (1907) Pokrzywna 2021}) 14... Qb6 15. b4 a6 16. Be3 Na7 17. Qd3 O-O 18. Rfc1 ({White should play} 18. Rfb1 $16) 18... Rxc1+ $11 19. Rxc1 Rc8 20. Rxc8+ Nxc8 21. Nd2 Qc6 22. Nb3 Ndb6 23. Na5 {[%emt 0:03:06] Against Nc4} Qc7 24. Qb3 Nd7 25. Qd3 b5 26. Nb3 Ndb6 27. f4 Nc4 28. Nc5 a5 29. Qc3 (29. Nxe6 $11 {remains equal.} fxe6 30. Qxg6 Nxe3 31. Qxe6+ Kh8 32. Qh3+ Kg8 33. Qe6+ Kh8 34. Qh3+ Kg8 35. Qe6+) 29... axb4 $17 30. axb4 N8b6 (30... Na7 $17) 31. Kf2 (31. Bf2 $11 {keeps the balance.}) 31... Qa7 32. g4 (32. Bd2 $17 {is a better defense.}) 32... Qa2 $19 33. Kf3 Qb1 34. Kg3 $2 (34. Bc1 {might work better.}) 34... Nxe3 35. Qxe3 Qxb4 36. Nb3 (36. f5 {is the only way for White.} gxf5 37. gxf5 exf5 38. e6) 36... Nc4 {[%emt 0:01:37] [#] ( -> ...Qe1+)} 37. Qd3 (37. Qf3 $142 g5 38. f5 exf5 39. Kf2) 37... Qe1+ 38. Kg2 b4 39. g5 Kf8 40. Qf3 (40. Kh3 $142) 40... Nd2 41. Nxd2 Qxd2 42. Qf2 $2 (42. h4) 42... b3 {[%emt 0:03:00] Black is clearly winning.} 43. Bb5 Qc3 {[%emt 0:02:08] Threatens to win with ...b2.} 44. Qf3 Qxd4 45. Qxb3 Qxf4 {[%emt 0:00:06] Weighted Error Value: White=0.52/Black=0.26 (precise)} 0-1

[Event "Stare Mesto Open-A 2022"]
[Site "Stare Mesto"]
[Date "2022.08.18"]
[Round "7.6"]
[White "Husek, Martin"]
[Black "Horvath, Tomas"]
[Result "1-0"]
[ECO "E44"]
[WhiteElo "2132"]
[BlackElo "2094"]
[Annotator "NA RC"]
[PlyCount "79"]
[EventDate "2022.08.12"]
[EventType "swiss"]
[EventCountry "CZE"]
[SourceTitle "playchess.com"]
[Source "ChessBase"]
[SourceQuality "1"]
[TimeControl "40/5400+30:1800+30"]

1. d4 Nf6 2. c4 e6 3. Nc3 Bb4 4. e3 b6 5. Nge2 Bb7 6. a3 Be7 7. d5 exd5 8. cxd5 O-O 9. g3 d6 10. Bg2 Nbd7 11. O-O Re8 12. Nd4 Bf8 13. Nc6 Bxc6 14. dxc6 Ne5 15. f4 Neg4 16. e4 d5 17. e5 Bc5+ 18. Kh1 Nf2+ 19. Rxf2 Bxf2 20. Qf1 d4 21. Nd1 Ng4 22. Nxf2 Ne3 23. Bxe3 dxe3 24. Ne4 Qd4 25. Qe2 Rad8 26. Re1 f6 27. Nc3 fxe5 28. f5 Qd2 29. Qxe3 Qxb2 30. Nd5 e4 31. Nxc7 Rd2 32. Rg1 Re5 33. Ne6 Rxf5 34. c7 Rc2 35. Qxe4 Rff2 36. Qa8+ Kf7 37. c8=Q Rxc8 38. Qxc8 Rxg2 39. Ng5+ Ke7 40. Rxg2 1-0

[Event "Stare Mesto Open-A 2022"]
[Site "Stare Mesto"]
[Date "2022.08.18"]
[Round "7.7"]
[White "Muller, David"]
[Black "Skalsky, Alexandr"]
[Result "0-1"]
[ECO "B06"]
[WhiteElo "1874"]
[BlackElo "2187"]
[Annotator "TA"]
[PlyCount "82"]
[EventDate "2022.08.12"]
[EventType "swiss"]
[EventCountry "CZE"]
[SourceTitle "playchess.com"]
[Source "ChessBase"]
[SourceQuality "1"]
[TimeControl "40/5400+30:1800+30"]

1. e4 g6 2. d4 Bg7 3. Nf3 d6 4. Bd3 c5 5. c3 Bg4 6. dxc5 {[%emt 0:06:55] B06: Modern Defence.} dxc5 7. Be3 {[%emt 0:00:48] [#]} Qc7 $146 ({Predecessor:} 7... Nd7 8. h3 Bxf3 9. Qxf3 Ngf6 10. O-O O-O 11. Bc2 Qc7 12. Nd2 Nb6 13. Qe2 Nfd7 {0-1 (94) Al Hajiri,B (2116)-Mansour,S (2245) Baku 2016}) 8. Bb5+ {[%emt 0:04:06] White is slightly better.} Nd7 9. Qd5 ({Better is} 9. Nbd2 $14) 9... Ngf6 $15 10. Qxc5 (10. Qe5 {with more complications.} Qd8 11. Nbd2 O-O 12. Bxd7 Nxd7 13. Qg5) 10... Qxc5 11. Bxc5 Nxe4 12. Bd4 Bxf3 13. gxf3 Nef6 14. Nd2 O-O 15. Ne4 Rfd8 16. Nxf6+ Bxf6 17. O-O-O Ne5 18. Bxe5 (18. Be2 $11) 18... Bxe5 19. h3 Bd6 20. Rhe1 Rdc8 21. Rd5 Rc7 22. Kc2 Rac8 23. Red1 Kg7 24. Bf1 Rc5 25. c4 Kf6 26. b3 (26. a3 $15) 26... Rxd5 27. Rxd5 Rc5 28. Rxc5 Bxc5 $17 {[%emt 0:00:01][%mdl 4096] Endgame KB-KB} 29. Kd3 Ke5 30. f4+ {[%emt 0:01:42] Now White is beyond hope.} (30. Ke2 $17) 30... Kxf4 $19 {[%emt 0:00:11] [#] Strongly threatening ...Kf3.} 31. Ke2 b6 32. Bg2 Ke5 33. Bc6 Kd4 34. Kd2 Bb4+ 35. Ke2 Kc3 36. Be8 f6 37. f4 Kb2 38. h4 (38. a4 {was necessary.}) 38... Kxa2 39. Ba4 (39. Bxg6 {is a better defense.} h6 40. Bc2) 39... Bd6 40. Kf3 h6 41. Ke4 Ka3 {[%emt 0:05:16] Weighted Error Value: White=0.26 (precise) /Black=0.09 (flawless)} 0-1

[Event "Stare Mesto Open-A 2022"]
[Site "Stare Mesto"]
[Date "2022.08.18"]
[Round "7.8"]
[White "Setina, Vaclav"]
[Black "Travnicek, Krystof Mikulas"]
[Result "0-1"]
[ECO "A46"]
[WhiteElo "1760"]
[BlackElo "2138"]
[Annotator "NA RC"]
[PlyCount "92"]
[EventDate "2022.08.12"]
[EventType "swiss"]
[EventCountry "CZE"]
[SourceTitle "playchess.com"]
[Source "ChessBase"]
[SourceQuality "1"]
[TimeControl "40/5400+30:1800+30"]

1. d4 Nf6 2. Nf3 e6 3. g3 b5 4. Bg2 Bb7 5. O-O c5 6. b3 Be7 7. Bb2 O-O 8. Nbd2 cxd4 9. Nxd4 Bxg2 10. Kxg2 Qb6 11. c4 Qb7+ 12. Kg1 bxc4 13. Nxc4 d5 14. Ne5 Bd6 15. Nd3 Re8 16. Rc1 Na6 17. Rc6 Rad8 18. Qc2 Nb8 19. Nc5 Qa8 20. Rxd6 Rxd6 21. Nb5 Rc6 22. Bxf6 gxf6 23. b4 Nd7 24. Nd4 Rcc8 25. Qc1 a5 26. a3 Nxc5 27. bxc5 Qa7 28. Qf4 Qxc5 29. Qxf6 Qe7 30. Qf3 Rc4 31. e3 Qxa3 32. Qg4+ Kh8 33. Qh5 Qe7 34. Rb1 Rec8 35. Kg2 Rb4 36. Ra1 a4 37. Nf3 f6 38. Qh3 Ra8 39. Nd4 Rb6 40. Qg4 a3 41. Ra2 Rb2 42. Ra1 Ra6 43. Rc1 Ra8 44. Nxe6 a2 45. Nd4 Qe4+ 46. Qxe4 dxe4 0-1

[Event "Stare Mesto Open-A 2022"]
[Site "Stare Mesto"]
[Date "2022.08.19"]
[Round "8.1"]
[White "Neuman, Petr"]
[Black "Sramek, Vojtech"]
[Result "0-1"]
[ECO "B53"]
[WhiteElo "2378"]
[BlackElo "2249"]
[Annotator "TA"]
[PlyCount "153"]
[EventDate "2022.08.12"]
[EventType "swiss"]
[EventCountry "CZE"]
[SourceTitle "playchess.com"]
[Source "ChessBase"]
[SourceQuality "1"]
[TimeControl "40/5400+30:1800+30"]

1. e4 c5 2. Nf3 d6 3. d4 cxd4 4. Qxd4 Nc6 5. Bb5 a6 6. Bxc6+ {[%emt 0:00:00] B53: Sicilian: 2...d6: Lines with Qxd4.} bxc6 7. c4 e5 8. Qd3 Ne7 {[%emt 0:00:00] seems to push 8...Nf6 aside.} 9. Nc3 Ng6 10. c5 dxc5 11. Qxd8+ Kxd8 12. Be3 Kc7 {[%emt 0:00:00] [#]} 13. Rc1 $146 (13. g3 $11) ({Predecessor:} 13. g3 Rb8 14. b3 f6 15. Nd2 Be6 16. O-O Be7 17. Rfc1 Rhd8 18. Na4 Rb5 19. Kf1 {½-½ (60) Somkin,K (2262)-Efimov,L (1866) Cheliabinsk 2021}) 13... Rb8 $15 14. Rc2 f6 15. O-O Be6 (15... Nf4 $15) 16. Rfc1 c4 (16... Nf4 $11) 17. Nd2 (17. g3 $14) 17... Bb4 $11 18. Ncb1 Bxd2 19. Nxd2 Nf4 20. Bxf4 exf4 21. Nxc4 Bxc4 22. Rxc4 {[%emt 0:00:00][%mdl 4096] Endgame KRR-KRR} Rb6 23. Kf1 Rd8 24. R1c2 {[%emt 0:00:00] Prevents Rd2.} Rd6 25. Ke2 Rb5 26. Rc5 (26. Ra4 $14) 26... Rb4 27. Kf3 g5 28. e5 fxe5 29. Rxe5 Rb5 ({Black should try} 29... h6 $14) 30. Re7+ $1 $16 Rd7 31. Rxd7+ Kxd7 {[%emt 0:00:06] KR-KR} 32. h4 ({White should play} 32. Kg4 $16) 32... h6 $11 33. Kg4 Rd5 34. b3 Kd6 35. Re2 Kd7 36. f3 c5 37. Kh5 Kc6 38. hxg5 hxg5 39. Kg6 Kb5 40. Kf6 c4 $2 (40... a5 $14) 41. bxc4+ $2 (41. Re5 $1 $18 Rxe5 42. bxc4+ Kc5 43. Kxe5 Kxc4 44. Kf6) 41... Kxc4 42. Re4+ Kc3 43. Re5 Rxe5 44. Kxe5 {[%emt 0:00:00] K3P-K3P} a5 45. Kf5 a4 46. Kxg5 a3 47. Kxf4 {[%emt 0:00:00] KP-KP} Kb2 48. g4 Kxa2 {[%emt 0:00:05] ( -> ...Kb3). KPP-KP} 49. g5 Kb1 $2 (49... Kb2 $11 {and Black stays safe.} 50. g6 a2) 50. g6 $18 a2 51. g7 a1=Q 52. g8=Q {[%emt 0:00:00] Threatening mate with Qg1+. KQ-KQ} Qd4+ (52... Kc2 $18 53. Qd5 Qg7) 53. Kf5 $16 {[%emt 0:00:00] And now Qe6 would win.} Qc5+ $2 (53... Qd3+ $11 54. Kg4 Qd4+ 55. Kh3 Kc2) 54. Ke4 $18 Qb4+ 55. Kd3 Qa3+ {[%emt 0:01:23] [#]} 56. Ke2 $1 Qb2+ 57. Kf1 Qb5+ 58. Kg1 Kc2 59. Qe6 Qg5+ {[%emt 0:01:11] [#]} 60. Kf2 $2 ({Only move:} 60. Qg4 $1 $18 Qe3+ 61. Kg2) 60... Qh4+ $11 {[%emt 0:01:26] The position is equal.} 61. Kg2 Kd3 62. Qg4 Qe7 63. Kg3 Qe1+ 64. Kf4 Qb4+ 65. Kf5 Qf8+ 66. Kg5 {[%emt 0:00:00] Qf5+ would kill now.} Qe7+ 67. Kf4 Qd6+ 68. Kf5 {[%emt 0:00:00] White threatens Qe4+ and mate.} Qf8+ 69. Ke6 {[%emt 0:00:00] Intending Qf5+ and mate.} Qe8+ 70. Kf6 Qf8+ 71. Kg6 {[%emt 0:00:00] White wants to mate with Qf5+.} Qg8+ 72. Kh6 Qh8+ 73. Kg5 {[%emt 0:00:00] aiming for Qe4+.} Qd8+ 74. Kh5 {[%emt 0:00:00] Qe4+ is the strong threat.} Qh8+ 75. Kg5 $1 Qd8+ 76. Kh5 {[%emt 0:00:00] Black must now prevent Qe4+.} Qh8+ 77. Kg5 {[%emt 0:00:00][%mdl 32768] White really could win this.  Weighted Error Value: White=0.26 (precise) /Black=0.27 (precise) . Sensor Board Error (Ke4/e5)?} 0-1